 Dungeon Crawl Stone Soup version 0.14-a0-1969-g2c76abe (webtiles) character file.

257 Piginabag the Insei (level 5, 0/33 HPs)
             Began as an Octopode Transmuter on Jan 16, 2014.
             Killed from afar by an orc wizard (8 damage)
             ... with a magic dart
             ... on Level 4 of the Dungeon.
             The game lasted 00:05:55 (3425 turns).

Piginabag the Insei (Octopode Transmuter)           Turns: 3425, Time: 00:05:55

HP   0/33        AC  2     Str 10      XL: 5   Next: 28%
MP   1/9         EV 21     Int 15      God:
Gold 111         SH  0     Dex 20      Spells:  2 memorised,  5 levels left

rFire  . . .     SeeInvis .       - Unarmed
rCold  . . .     Clarity  +     (shield currently unavailable)
rNeg   . . .     Conserve .     (helmet currently unavailable)
rPois  x         rCorr    .     j - amulet of clarity
rElec  .         rRot     .     (no ring)
SustAb . .       Spirit   .     (no ring)
rMut   .         Warding  .     (no ring)
Saprov . . .     Stasis   .     (no ring)
MR     .....                    (no ring)
                                (no ring)
                                (no ring)
                                (no ring)

@: spider-form (expiring), very slightly contaminated, quick, not resistant to
hostile enchantments, stealthy
A: almost no armour, amphibious, 8 rings, (constrict 8), (camouflage 0), agile
1, (gelatinous body 0)
a: End Transformation


You were on level 4 of the Dungeon.
You were near starving.
You were in spider-form.
You visited 1 branch of the dungeon, and saw 4 of its levels.

You collected 111 gold pieces.

Inventory:

Missiles
 b - 12 arrows
 n - 4 needles of paralysis
Magical devices
 c - a wand of flame (14) {unknown}
Comestibles
 a - 2 bread rations
 g - 3 meat rations
 q - an apple
Scrolls
 e - a scroll of enchant weapon I {unknown}
 f - a scroll of remove curse {unknown}
 h - 2 scrolls of blinking
 k - a scroll of immolation {unknown}
 l - a scroll of recharging {unknown}
 m - 2 scrolls of teleportation
 o - a scroll of amnesia {unknown}
 p - a scroll of curse jewellery {unknown}
 s - a scroll of enchant weapon II {unknown}
Jewellery
 j - an amulet of clarity (around neck)
Books
 d - a book of Changes

   Spells                             Type                      Level
   *Beastly Appendage                 Transmutation                1
   Sticks to Snakes                   Transmutation                2
   *Spider Form                       Transmutation/Poison         3
   Ice Form                           Ice/Transmutation            4
   Blade Hands                        Transmutation                5


   Skills:
 * Level 1.6 Fighting
 + Level 2.9 Dodging
 + Level 1.5 Stealth
 + Level 3.9 Unarmed Combat
 + Level 2.7 Spellcasting
 + Level 2.8 Transmutations


You had 5 spell levels left.
You knew the following spells:

 Your Spells              Type           Power        Failure   Level  Hunger
a - Beastly Appendage     Trmt           ##....       21%         1    #......
b - Spider Form           Trmt/Pois      #.........   56%         3    ###....


Dungeon Overview and Level Annotations

Branches:
Dungeon (4/16)
 Temple: D:4-7

Altars:
the Shining One


Innate Abilities, Weirdness & Mutations

You cannot wear most types of armour.
You are amphibious.
You can wear up to eight rings at the same time.*
((You can use your tentacles to constrict many enemies at once.))*
((Your skin changes colour to match your surroundings (Stlth).))*
((Your rubbery body absorbs attacks (AC +1).))*
You are agile. (Dex +2)


Message History

The orc wizard hits you with an orcish dagger.
You barely miss the orc wizard.
The orc wizard is moderately wounded.
The orc wizard hits you but does no damage.
You closely miss the orc wizard.
The orc wizard is moderately wounded.
The orc wizard misses you.
The orc wizard hits you with an orcish dagger.
* * * LOW HITPOINT WARNING * * *
You are too injured to fight recklessly!
You are too injured to fight recklessly!
Drink which item? (? for menu, Esc to quit)
You feel agile.
You feel fantastic!
It was a potion of beneficial mutation.
The orc wizard hits you but does no damage.
You hit the orc wizard.
The orc wizard looks even sicker.
The orc wizard is severely wounded.
The orc wizard casts a spell at you. The magic dart hits you!
You die...

#####
##########<..#
#.......so...#
#.########...#
#.# ##.......#
#.# ######.
#o# #.# #)#
#)# #.#


You could see an orc wizard.

Vanquished Creatures
  An orc wizard (D:4)
  Ijyb (D:3)
  Jessica (D:3)
  An adder (D:3)
  A worm (D:3)
  4 giant geckos
  An ooze (D:3)
  2 orcs
  3 ball pythons
  7 giant cockroaches
  6 goblins
  4 hobgoblins
  8 jackals (D:2)
  6 bats
  2 giant newts (D:1)
  11 kobolds
  12 rats
71 creatures vanquished.

Notes
Turn   | Place    | Note
--------------------------------------------------------------
     0 | D:1      | Piginabag, the Octopode Transmuter, began the quest for the Orb.
     0 | D:1      | Reached XP level 1. HP: 13/13 MP: 3/3
   269 | D:1      | Reached XP level 2. HP: 8/18 MP: 2/4
   780 | D:1      | Reached XP level 3. HP: 23/23 MP: 6/6
   824 | D:1      | Learned a level 3 spell: Spider Form
  2167 | D:3      | Noticed Ijyb
  2183 | D:3      | Killed Ijyb
  2183 | D:3      | Reached XP level 4. HP: 26/28 MP: 0/8
  2346 | D:3      | Reached skill level 1 in Stealth
  2797 | D:3      | Noticed Jessica
  2802 | D:3      | Killed Jessica
  2959 | D:3      | Found a glowing golden altar of the Shining One.
  3002 | D:3      | Reached XP level 5. HP: 16/33 MP: 7/9
  3424 | D:4      | Gained mutation: You are agile. (Dex +2) [potion of beneficial mutation]
  3425 | D:4      | Killed from afar by an orc wizard

Action                   |  1- 3 |  4- 6 || total
-------------------------+-------+-------++-------
Melee: Unarmed           |   120 |    55 ||   175
 Cast: Beastly Appendage |    18 |     3 ||    21
       Spider Form       |     5 |     3 ||     8
  Use: Scroll            |       |     4 ||     4
       Potion            |       |     2 ||     2
 Stab: Sleeping          |     2 |     2 ||     4
